 Dungeon Crawl Stone Soup version 0.27-a0-1202-ge72e49191c (webtiles) character file.

Game seed: 2312932527038660046

66 streetpizza the Skirmisher (level 3, -7/30 HPs)
             Began as a Demonspawn Monk on June 4, 2021.
             Mangled by a gnoll sergeant
             ... wielding a +0 trident
              (10 damage)
             ... on level 3 of the Dungeon.
             The game lasted 00:04:37 (3028 turns).

streetpizza the Skirmisher (Demonspawn Monk)        Turns: 3028, Time: 00:04:38

Health: -7/30      AC:  2    Str: 11    XL:     3   Next: 96%
Magic:  3/3        EV: 13    Int: 12    God:
Gold:   82         SH:  0    Dex: 15    Spells: 2/2 levels left

rFire    . . .     SeeInvis .   a - +0 mace
rCold    . . .     Faith    .   (no shield)
rNeg     . . .     Spirit   .   b - +0 robe
rPois    .         Reflect  .   (no helmet)
rElec    .         Harm     .   (no cloak)
rCorr    .         Rampage  .   (no gloves)
Will     .....                  (no boots)
Stlth    ++........             (no amulet)
HPRegen  0.10/turn              (no ring)
MPRegen  0.08/turn              (no ring)

@: no status effects
A: foul stench 1
a: no special abilities


You were on level 3 of the Dungeon.
You visited 1 branch of the dungeon, and saw 3 of its levels.

You collected 82 gold pieces.

Inventory:

Hand Weapons
 a - a +0 mace (weapon)
Armour
 b - a +0 robe (worn)
Scrolls
 e - 2 scrolls of teleportation {unknown}
 f - a scroll of immolation {unknown}
 g - 4 scrolls of identify {unknown}
 j - a scroll of fog {unknown}
 k - a scroll of noise {unknown}
 l - a scroll of enchant armour {unknown}
Potions
 c - a potion of lignification {unknown}
 d - a potion of invisibility {unknown}
 h - a potion of experience {unknown}
 i - a potion of attraction {unknown}


   Skills:
 + Level 3.7 Fighting
 + Level 3.3 Maces & Flails
 + Level 3.3 Dodging
 - Level 1.7 Stealth


You had 2 spell levels left.
You didn't know any spells.
Your spell library was empty.

Dungeon Overview and Level Annotations

Branches:
Dungeon (3/15)

Altars:
The Shining One


Innate Abilities, Weirdness & Mutations

You may rarely emit foul miasma when damaged in melee.


Message History

There is an open door here.
There is an open door here.
You see here a +0 leather armour.
There is a stone staircase leading down here.
You climb downwards.
There is a stone staircase leading up here.
Nothing quivered!
A bat comes into view.
You see here 2 scrolls labelled CIONKU KIEGEYNK.
A ball python comes into view.
The helpless bat fails to defend itself.
You thump the bat!
You kill the bat!
The ball python bites you but does no damage.
The ball python grabs you. The ball python constricts you.
You closely miss the ball python. The ball python bites you.
The ball python constricts you.
You hit the ball python.
You kill the ball python!
HP restored.
g - 3 scrolls labelled CIONKU KIEGEYNK (gained 2)
Found a trident.
g - 4 scrolls labelled CIONKU KIEGEYNK (gained 1)
You see here a +0 trident.
l - a scroll labelled LUTAPO MOAN You now have 82 gold pieces (gained 13).
A gnoll sergeant comes into view. It is wielding a +0 trident.
The gnoll sergeant misses you.
Sorry, you're not good enough to have a special ability.
Unknown command.
The gnoll sergeant hits you with a +0 trident!
Ouch! That really hurt!
You barely miss the gnoll sergeant.
The gnoll sergeant completely misses you.
The gnoll sergeant blocks your attack.
The gnoll sergeant hits you with a +0 trident!
* * * LOW HITPOINT WARNING * * *
You hit the gnoll sergeant but do no damage.
The gnoll sergeant hits you with a +0 trident!
You die...

##.## ##.#.##
##.#.#.##
##.#.#.#.##
##.#.###.#.##
##.#.##.##.#.##
##.#.##.#.##.#.##
##.#.##.#.#.##.#.##
#.#.##.#...#@##.#.##
#.##.)..##.#g##.#.#
#.#...#.##.#.##.#.##
##.#.#.##.# ##.#.##
##.#.##.# ##.#.##
##.##.# ##.#.##
###.# ##.#.## .#
##.#.## ##.#.##


You could see a gnoll sergeant.

Vanquished Creatures
  An adder (D:2)
  A dart slug (D:2)
  5 endoplasms
  4 giant cockroaches
  4 goblins
  4 hobgoblins (D:1)
  8 jackals (D:2)
  5 kobolds
  3 ball pythons
  5 bats
  3 frilled lizards
  5 rats
48 creatures vanquished.

Notes
Turn   | Place    | Note
-------+----------+-------------------------------------------
     0 | D:1      | streetpizza the Demonspawn Monk began the quest for the
                  | Orb.
     0 | D:1      | Reached XP level 1. HP: 18/18 MP: 1/1
   473 | D:1      | Gained mutation: You may rarely emit foul miasma when
                  | damaged in melee. [demonic ancestry]
   473 | D:1      | Reached XP level 2. HP: 19/24 MP: 2/2
  1717 | D:2      | Reached XP level 3. HP: 28/29 MP: 3/3
  3024 | D:3      | Noticed a gnoll sergeant
  3028 | D:3      | Mangled by a gnoll sergeant

Illustrated notes

Levels and vault maps discovered:
D:1:      mrwooster_arrival_statue_2, layout_loops_corners,
          hangedman_glass_garden
D:2:      layout_loops_corners, basic_altar
D:3:      minmay_inner_zag, layout_loops_ring,
          shapermc_ecumenical_altar_flowoftime

Skill      XL: |  1  2 |
---------------+-------+-----
Dodging        | 3 |  3.3
Maces & Flails | 3 |  3.3
Fighting       | |  3.7
Stealth        | |  1.7

Action                   || total
-------------------------++-------
Melee: Mace              ||   152
 Stab: Sleeping          ||    11
Armor: Robe              ||    20
Dodge: Dodged            ||   101

Table legend: (Time is in decaauts)
 A = Elapsed time spent in this place.
 B = Non-inter-level travel time spent in this place.
 C = Inter-level travel time spent in this place.
 D = Time resting spent in this place.
 E = Time spent auto-exploring this place.
 F = Levels seen in this place.
 G = Mean time per level.
                   A        B        C        D        E       F      G
               +--------+--------+--------+--------+--------+-----+--------+
         Total |   3065 |   2959 |    106 |      0 |   2538 |   3 | 1021.7 |
       Dungeon |   3065 |   2959 |    106 |      0 |   2538 |   3 | 1021.7 |
               +--------+--------+--------+--------+--------+-----+--------+

Top non-repeatable levels by time:
     D:2: 1499 daAuts
     D:1: 1461 daAuts
     D:3: 103 daAuts
